 Dungeon Crawl Stone Soup version 0.30-b1-2-g02819fbbbe (webtiles) character file.

Game seed: 17397822474637475610

65571 LLlMATKO the Cleaver (level 14, -5/133 HPs)
             Began as a Minotaur Berserker on Oct 14, 2023.
             Was a High Priest of Trog.
             Constricted to death by Jorgrun (9 damage)
             ... on level 13 of the Dungeon.
             The game lasted 00:22:09 (19197 turns).

LLlMATKO the Cleaver (Minotaur Berserker)          Turns: 19197, Time: 00:22:10

Health: -5/133     AC: 23    Str: 28    XL:     14   Next: 76%
Magic:  4/4        EV:  6    Int: 10    God:    Trog [*****.]
Gold:   1402       SH: 21    Dex:  5    Spells: 13/13 levels left

rFire   + . .        Y - +4 war axe (heavy)
rCold   + . .        s - +1 tower shield
rNeg    + + +        Z - +2 plate armour {rF+}
rPois   +            (helmet restricted)
rElec   +            j - +0 cloak
rCorr   .            (no gloves)
SInv    .            y - +2 pair of boots
Will    ++...        W - amulet of Botudghae {Reflect rPois rN+++ MP-9 Slay-4 SH+5} Stlth
                     T - ring of willpower
HPRegen 0.42/turn    v - ring "Kuoxyumo" {rElec rC+ Int+6 Dex-4}
MPRegen 0.09/turn

%: reflection
@: grasped by roots, on berserk cooldown, slowed, constricted, very slow
A: horns 2, retaliatory headbutt
a: Renounce Religion, Berserk, Trog's Hand, Brothers in Arms


You were on level 13 of the Dungeon.
You worshipped Trog.
Trog was extremely pleased with you.
You visited 2 branches of the dungeon, and saw 18 of its levels.
You also visited: Ossuary and Volcano.

You collected 1402 gold pieces.

Inventory:

Hand Weapons
 m - the +7 hand axe "Hesib" {freeze, Dex+3}
   (You found it on level 2 of the Dungeon)

   Dex:       It affects your dexterity (+3).
 u - the +9 flail of the Black Skies {freeze, Will+++ Str-3 Dex+3 SInv}
   (You found it on level 5 of the Lair of Beasts)

   Str:       It affects your strength (-3).
   Dex:       It affects your dexterity (+3).
   SInv:      It lets you see invisible.
   Will:      It greatly increases your willpower.
 K - a +6 battleaxe of flaming
 S - a +0 war axe
 Y - a +4 heavy war axe (weapon)
Missiles
 q - 4 javelins (quivered)
 P - 3 throwing nets
 X - 9 poisoned darts
Armour
 j - a +0 cloak (worn)
 s - a +1 tower shield (worn)
 y - a +2 pair of boots (worn)
 V - a +1 plate armour of poison resistance
 Z - a +2 plate armour of fire resistance (worn)
Jewellery
 r - a ring of ice
 v - the ring "Kuoxyumo" (right hand) {rElec rC+ Int+6 Dex-4}
   (You found it on level 3 of the Dungeon)

   [ring of intelligence]

   Int:       It affects your intelligence (+6).
   Dex:       It affects your dexterity (-4).
   rC:        It protects you from cold.
   rElec:     It insulates you from electricity.
 G - a ring of see invisible
 H - a ring of positive energy
 N - a ring of protection from cold
 Q - a +5 ring of evasion
 T - a ring of willpower (left hand)
 U - a ring of protection from fire
 W - the amulet of Botudghae (around neck) {Reflect rPois rN+++ MP-9 Slay-4 SH+5}
   (You acquired it on level 5 of the Lair of Beasts)

   [amulet of reflection]

   It reflects blocked missile attacks.
   Slay:      It affects your accuracy & damage with ranged weapons and melee
   (-4).
   rPois:     It protects you from poison.
   rN:        It renders you almost immune to negative energy.
   MP:        It affects your magic capacity (-9).
   SH:        It affects your SH (+5).
Wands
 a - a wand of iceblast (9)
 d - a wand of quicksilver (5)
 B - a wand of paralysis (34)
 F - a wand of flame (10)
 I - a wand of polymorph (11)
 L - a wand of mindburst (16)
 O - a wand of digging (4)
Scrolls
 b - a scroll of immolation
 c - 4 scrolls of fog
 f - 5 scrolls of blinking
 i - 5 scrolls of vulnerability
 l - 23 scrolls of identify
 o - 4 scrolls of fear
 p - 11 scrolls of teleportation
 w - 6 scrolls of enchant armour
 J - 3 scrolls of magic mapping
 M - 3 scrolls of enchant weapon
 R - 6 scrolls of poison
Potions
 e - 4 potions of heal wounds
 g - 11 potions of curing
 h - 6 potions of haste
 n - 7 potions of invisibility
 t - a potion of cancellation
 z - 5 potions of might
 A - 4 potions of resistance


   Skills:
 + Level 14.6 Fighting
 + Level 14.7 Axes
 + Level 14.4 Armour
 + Level 13.3 Dodging
 + Level 14.0 Shields


You had 13 spell levels left.
You didn't know any spells.
Your spell library was empty.

Dungeon Overview and Level Annotations

Branches:
Dungeon (13/15)            Temple (0/1) D:4            Lair (5/5) D:9
  Swamp (0/4) Lair:3        Snake (0/4) Lair:2        Slime (0/5) Lair:4
    Orc (0/2) D:9         Ossuary (visited)         Volcano (visited)
 Vaults: D:13-14

Altars:
Ashenzari
Fedhas
Gozag
Makhleb
Trog
Uskayaw
Wu Jian
The Shining One
Jiyva

Shops:
D:8 *[

Annotations:
D:4 3 runed translucent doors, Farlane's ghost, amateur HOMo
D:13 2 transporters, Jorgrun; diceflayer's ghost, journeyman MiFi


Innate Abilities, Weirdness & Mutations

You have a pair of horns on your head.
You reflexively headbutt those who attack you in melee.


Message History

Unknown command.
You closely miss Jorgrun.
Jorgrun is moderately wounded.
You cut Jorgrun into ribbons!!!
Jorgrun is severely wounded.
You miss Jorgrun.
Jorgrun is severely wounded.
Jorgrun casts a spell next to you.
The wall shatters!
The blast of rock fragments hits you! The grasping roots constrict you.
A manticore comes into view.
You barely miss Jorgrun.
Jorgrun is severely wounded.
Jorgrun gestures next to you while chanting.
The wall shatters!
The blast of rock fragments hits you!!
* * * LOW HITPOINT WARNING * * *
The grasping roots constrict you.
* * * LOW HITPOINT WARNING * * *
You closely miss Jorgrun.
Jorgrun is severely wounded.
Jorgrun gestures at you while chanting.
You easily resist.
The grasping roots constrict you!
* * * LOW HITPOINT WARNING * * *
Unknown command.
You slice Jorgrun!! Your headbutt misses Jorgrun.
Jorgrun is almost dead.
You are no longer berserk.
You are exhausted.
You feel yourself slow down.
Jorgrun hits you with a +0 heavy quarterstaff!
* * * LOW HITPOINT WARNING * * *
The grasping roots constrict you.
* * * LOW HITPOINT WARNING * * *
You hit Jorgrun.
Jorgrun is almost dead.
Jorgrun points next to you and mumbles some strange words.
The wall shatters!
The blast of rock fragments hits you.
* * * LOW HITPOINT WARNING * * *
The grasping roots constrict you!
You die...

..>............#........
...............#########
...................
...................
....................
........########....
........# .... ........#
.. .......@# .......g#
........# ...H.....
......... ..........
.......... ###########


You could see Jorgrun and a manticore.

Vanquished Creatures
  Nessos (Lair:3)
  A dire elephant (Lair:5)
  3 hydras (Lair:5)
  A catoblepas (Lair:5)
  3 two-headed ogres
  An anaconda (Lair:5)
  2 boulder beetles
  8 death yaks
  Amaemon (Lair:3)
  2 skysharks
  A fire crab (shapeshifter) (D:13)
  A lindwurm (Lair:5)
  A deep elf archer (Volcano)
  7 deep elf pyromancers
  2 ugly things
  2 manticores
  9 elephants
  A cyclops (D:12)
  7 black mambas
  Joseph (Lair:1)
  4 torpor snails
  13 cane toads
  Maggie (D:7)
  An orange demon (Lair:3)
  3 gargoyles
  3 rime drakes
  2 unseen horrors
  A kobold demonologist (D:13)
  9 komodo dragons
  5 trolls
  2 polar bears
  Grinder (D:4)
  14 blink frogs
  A hornet (D:9)
  2 dream sheep (Lair:5)
  Prince Ribbit (D:7)
  12 slime creatures
  37 yaks
  2 spriggans (Lair:2)
  2 wraiths
  2 shadows
  7 basilisks
  6 wyverns
  3 steam dragons
  5 fire elementals (Volcano)
  3 vampire mosquitoes (D:11)
  3 nagas (Lair:2)
  20 water moccasins
  5 hell hounds (Volcano)
  6 orc warriors
  3 ice beasts (D:6)
  2 black bears
  A hornet zombie (Ossuary)
  2 ogres (D:6)
  A sky beast (D:6)
  9 centaurs
  22 wolves
  2 kobold brigands
  Blork the orc (D:4)
  14 bullfrogs
  A gnoll sergeant (D:10)
  2 scorpions
  5 water moccasin zombies (Ossuary)
  A wyvern zombie (Ossuary)
  5 wights (D:6)
  7 killer bees
  3 howler monkeys
  2 electric eels
  4 bullfrog zombies (Ossuary)
  A quasit (D:5)
  3 centaur zombies (Ossuary)
  3 jellies
  4 orc priests
  A gnoll bouda (D:8)
  2 hounds
  4 iguanas
  8 hell rats
  Ijyb (D:4)
  10 orc wizards
  A killer bee zombie (Ossuary)
  12 mummies (Ossuary)
  4 howler monkey zombies (Ossuary)
  4 adders
  9 gnolls
  5 shadow imps
  6 white imps
  5 ufetubi
  2 worms
  41 orcs
  3 endoplasms
  2 giant cockroaches
  7 goblins
  9 hobgoblins
  5 jackals
  A quokka (D:4)
  6 ball pythons
  10 bats
  3 frilled lizards
  A goblin zombie (D:6)
  13 kobolds
  4 rats
  A rat zombie (D:6)
509 creatures vanquished.

Vanquished Creatures (collateral kills)
  A boulder beetle (D:12)
  A fire crab (Lair:5)
  A black mamba (Lair:5)
  2 trolls (D:12)
  A polar bear (Lair:5)
  A basilisk (Lair:5)
7 creatures vanquished.

Vanquished Creatures (others)
  A deep elf pyromancer (D:12)
  A wyvern (D:9)
  An orc priest (D:9)
  2 demonic plants (D:5)
  24 fungi
  59 plants
  3 withered plants (Ossuary)
91 creatures vanquished.

Grand Total: 607 creatures vanquished

Notes
Turn   | Place    | Note
-------+----------+-------------------------------------------
     0 | D:1      | LLlMATKO the Minotaur Berserker began the quest for the
                  | Orb.
     0 | D:1      | Reached XP level 1. HP: 19/19 MP: 0/0
   125 | D:1      | Reached XP level 2. HP: 20/27 MP: 1/1
   879 | D:2      | Reached XP level 3. HP: 33/33 MP: 2/2
   923 | D:2      | Reached XP level 4. HP: 23/41 MP: 3/3
  1038 | D:2      | Identified the +7 hand axe "Hesib" {freeze, Dex+3}
  1084 | D:2      | Reached ** piety under Trog
  1582 | D:3      | Identified the ring "Kuoxyumo" {rElec rC+ Int+6 Dex-4}
  2023 | D:4      | Found an opulent altar of Gozag.
  2080 | D:4      | Noticed Blork the orc
  2085 | D:4      | Killed Blork the orc
  2086 | D:4      | Reached skill level 1 in Shields
  2086 | D:4      | Reached XP level 5. HP: 47/47 MP: 4/4
  2146 | D:4      | Reached *** piety under Trog
  2171 | D:4      | Found a blossoming altar of Fedhas.
  2201 | D:4      | Found a runed translucent gate.
  2204 | D:4      | Reached skill level 5 in Fighting
  2207 | D:4      | Noticed Ijyb
  2211 | D:4      | Paralysed by Ijyb for 3 turns
  2219 | D:4      | Killed Ijyb
  2220 | D:4      | Reached skill level 5 in Axes
  2220 | D:4      | Reached XP level 6. HP: 56/56 MP: 5/5
  2247 | D:4      | Found a staircase to the Ecumenical Temple.
  2283 | D:4      | Noticed Grinder
  2286 | D:4      | Paralysed by Grinder for 4 turns
  2292 | D:4      | Killed Grinder
  2363 | D:4      | Found a glowing golden altar of the Shining One.
  2525 | D:4      | Found a runed translucent gate.
  2525 | D:4      | Found a runed translucent gate.
  2525 | D:4      | Noticed Farlane's ghost (amateur HOMo)
  2539 | D:5      | Entered Level 5 of the Dungeon
  2557 | D:5      | Found a bloodstained altar of Trog.
  2789 | D:5      | Reached XP level 7. HP: 61/61 MP: 6/6
  2919 | D:5      | Reached skill level 5 in Armour
  3298 | D:6      | Reached skill level 5 in Dodging
  3325 | D:6      | Reached XP level 8. HP: 62/70 MP: 7/7
  3346 | D:6      | Found a sand-covered staircase.
  3358 | Ossuary  | Entered an ossuary
  3377 | Ossuary  | Reached **** piety under Trog
  3469 | Ossuary  | Reached skill level 5 in Shields
  3891 | D:6      | Found a hide-covered altar of Uskayaw.
  3903 | D:6      | Reached XP level 9. HP: 79/79 MP: 8/8
  3917 | D:6      | Found a burning altar of Makhleb.
  4275 | D:6      | Found an ornate altar of the Wu Jian Council.
  4486 | D:6      | Identified the +0 leather armour "Irchiaxtu" {SInv}
  4959 | D:7      | Found a broken altar of Ashenzari.
  4984 | D:7      | Noticed Maggie
  4984 | D:7      | Noticed Prince Ribbit
  4994 | D:7      | Killed Maggie
  5002 | D:7      | Killed Prince Ribbit
  5786 | D:8      | Reached XP level 10. HP: 88/90 MP: 9/9
  5787 | D:8      | Reached ***** piety under Trog
  5903 | D:8      | Found Dunir's Antique Armour Shoppe.
  5905 | D:8      | Noticed a two-headed ogre
  5914 | D:8      | Killed a two-headed ogre
  5990 | D:8      | Found Qoacis's Neck Hole.
  6735 | D:9      | Found a staircase to the Lair.
  6756 | D:9      | Reached XP level 11. HP: 88/99 MP: 10/10
  6757 | D:9      | Reached skill level 10 in Fighting
  6757 | D:9      | Reached skill level 10 in Axes
  7009 | D:9      | Found a staircase to the Orcish Mines.
  7909 | D:10     | Entered Level 10 of the Dungeon
  8266 | D:10     | Reached skill level 10 in Armour
  8745 | Lair:1   | Entered Level 1 of the Lair of Beasts
  9038 | Lair:1   | Noticed Joseph
  9050 | Lair:1   | Paralysed by Joseph for 5 turns
  9058 | Lair:1   | Killed Joseph
  9244 | Lair:1   | Received a gift from Trog
  9799 | Lair:2   | Reached skill level 10 in Shields
 10090 | Lair:2   | Reached skill level 10 in Dodging
 10092 | Lair:2   | Found a staircase to the Snake Pit.
 10171 | Lair:2   | Reached XP level 12. HP: 95/110 MP: 11/11
 10422 | Lair:2   | Noticed a death yak
 10423 | Lair:2   | Noticed a death yak
 10423 | Lair:2   | Noticed a death yak
 10433 | Lair:2   | Killed a death yak
 10436 | Lair:2   | Killed a death yak
 10437 | Lair:2   | Killed a death yak
 11007 | Lair:2   | Identified the +3 rapier "Imualiz" {venom, Int+3}
 11460 | Lair:3   | Noticed a death yak
 11460 | Lair:3   | Noticed Nessos
 11461 | Lair:3   | Noticed a death yak
 11480 | Lair:3   | Killed a death yak
 11484 | Lair:3   | Killed a death yak
 11807 | Lair:3   | Found a staircase to the Swamp.
 11919 | Lair:3   | You fall into a shaft and drop 2 floors!
 11919 | Lair:5   | Entered Level 5 of the Lair of Beasts
 11921 | Lair:5   | Noticed a dire elephant
 11921 | Lair:5   | Noticed a death yak
 11935 | Lair:5   | Killed a dire elephant
 11942 | Lair:5   | Killed a death yak
 11978 | Lair:5   | Noticed a death yak
 11983 | Lair:5   | Noticed a death yak
 11990 | Lair:5   | Noticed a five-headed hydra
 11995 | Lair:5   | Killed a death yak
 12003 | Lair:5   | Reached XP level 13. HP: 119/119 MP: 12/12
 12153 | Lair:5   | Found a dark tunnel.
 12180 | Volcano  | Entered a volcano
 12279 | Volcano  | Received a gift from Trog
 12578 | Lair:5   | Identified a scroll of acquirement
 12578 | Lair:5   | Acquired the amulet of Botudghae {Reflect rPois rN+++ MP-9
                  | Slay-4 SH+5}
 13228 | Lair:3   | Noticed Amaemon
 13245 | Lair:3   | Killed Amaemon
 13583 | Lair:3   | Killed Nessos
 13857 | Lair:4   | Found a viscous altar of Jiyva.
 13857 | Lair:4   | Found a staircase to the Slime Pits.
 14552 | Lair:5   | Reached XP level 14. HP: 130/130 MP: 4/13
 15548 | Lair:5   | Identified the +9 flail of the Black Skies {freeze, Will+++
                  | Str-3 Dex+3 SInv}
 15675 | Lair:5   | Received a gift from Trog
 18677 | D:13     | Found a transporter.
 18679 | D:13     | Noticed diceflayer's ghost (journeyman MiFi)
 18683 | D:13     | Identified the +2 great mace of Sexty {venom, Int+5}
 18684 | D:13     | Found a transporter.
 18904 | D:13     | Found an ornate altar of the Wu Jian Council.
 19176 | D:13     | Noticed Jorgrun
 19197 | D:13     | HP: 4/133 [Jorgrun/blast of rock fragments (6)]
 19197 | D:13     | Constricted to death by Jorgrun

Illustrated notes

Levels and vault maps discovered:
D:1:      dpeg_arrival_another_circle, layout_loops_ring
D:2:      layout_rooms, serial_bayou_pond_c, kennysheep_cluttered_room
D:3:      cheibrodos_old_hovel, layout_loops_ring
D:4:      layout_rooms, nicolae_tso_swordbearing_angel,
          mainiacjoe_overflow_large_starburst, temple_green,
          gammafunk_ghost_nasty_kobolds, uniq_blork_the_orc, uniq_ijyb,
          uniq_grinder
D:5:      layout_loops_ring, trog_three_pillars_becter, serial_demonic,
          serial_demonic_d, serial_demonic_d, serial_demonic_b, serial_demonic_g
D:6:      layout_basic, nicolae_uskayaw_dance_hall, old_standard_altar,
          bloody_makhleb, enter_ossuary_4, serial_rivers,
          chequers_serial_rivers_small_b, chequers_serial_rivers_marsh,
          chequers_serial_rivers_micro_a, chequers_serial_rivers_micro_c,
          chequers_serial_rivers_micro_d, minmay_fractal_squares_5
D:7:      layout_basic, ashenzari_altar_1, columned_hall_lemuel, uniq_maggie,
          uniq_prince_ribbit1
D:8:      layout_gridville, nicolae_stop_n_shop_1,
          nicolae_shop_sticking_my_neck_out
D:9:      layout_basic, minmay_lair_entry_grove, david_orc_3
D:10:     layout_irregular_city, minmay_hedge_maze, minmay_circle_x
D:11:     layout_small_grid
D:12:     layout_basic, billiards_dpeg
D:13:     layout_grid_maze, gammafunk_ghost_smash, nzn_wu_jian_contemplation,
          uniq_jorgrun
Lair:1:   wander_river, layout_regular_city, uniq_joseph
Lair:2:   layout_cave_pods, guppyfry_snake_entry_garden, forest_entry_grove,
          serial_bayou_shore_a
Lair:3:   layout_concentric_octagons, swamp_mist, grunt_megastairs_5,
          uniq_amaemon, uniq_nessos
Lair:4:   layout_regular_city, slime_entry_1, minmay_holes,
          amcnicky_mini_pool_medium
Lair:5:   hangedman_lair_in_review, layout_gridlike,
          nicolae_volcano_entry_two_sided, nicolae_lair_lakeside_cave

Skill      XL: |  1  2  3  4  5  6  7  8  9 10 11 12 13 14 |
---------------+-------------------------------------------+-----
Fighting       | 4 5 6 7 8 9 11 12 13 14 | 14.6
Axes           | 4 5 6 7 8 9 11 12 13 14 | 14.7
Armour         | 3 4 5 6 8 9 10 12 13 14 | 14.4
Dodging        | 3 4 5 6 7 8 10 11 12 13 | 13.3
Shields        | 1 2 3 4 5 7 8 10 11 13 14 | 14.0

Action                     |  1- 3 |  4- 6 |  7- 9 | 10-12 | 13-15 || total
---------------------------+-------+-------+-------+-------+-------++-------
  Melee: Hand axe          |    52 |    87 |   285 |   484 |   390 ||  1298
         Headbutt          |     7 |    16 |    59 |   103 |   117 ||   302
         War axe           |       |       |       |       |   236 ||   236
         Battleaxe         |       |       |       |       |    11 ||    11
  Throw: Javelin           |       |       |     2 |       |       ||     2
 Invoke: Berserk           |     2 |     1 |     1 |     7 |     5 ||    16
         Trog's Hand       |       |       |     1 |     1 |     4 ||     6
         Brothers in Arms  |       |       |       |       |     2 ||     2
    Use: Scroll            |       |       |    11 |     3 |    18 ||    32
 Armour: Animal skin       |     5 |       |       |       |       ||     5
         Ring mail         |     9 |    25 |    75 |       |       ||   109
         Swamp dragon scal |       |       |     1 |    55 |       ||    56
         Plate armour      |       |       |       |   113 |   315 ||   428
  Dodge: Dodged            |    38 |    32 |    77 |   128 |   164 ||   439
  Block: Tower shield      |       |    29 |   182 |   353 |   609 ||  1173
         Reflection        |       |       |       |       |    23 ||    23
         Other             |       |       |       |       |     6 ||     6
